 Dungeon Crawl Stone Soup version 0.22.1-2-g9c5b331 (webtiles) character file.

60984 HoaS the Warrior (level 15, -18/104 HPs)
             Began as a Gargoyle Berserker on Dec 15, 2018.
             Was a High Priest of Trog.
             Demolished by a titanic slime creature (83 damage)
             ... on level 2 of the Lair of Beasts on Dec 16, 2018.
             The game lasted 01:18:25 (22340 turns).

HoaS the Warrior (Gargoyle Berserker)              Turns: 22340, Time: 01:18:26

Health: -18/104    AC: 40    Str: 21    XL:     15   Next: 1%
Magic:  15/15      EV: 11    Int:  9    God:    Trog [*****.]
Gold:   1372       SH:  0    Dex: 14    Spells: 14/14 levels left

rFire    + . .     SeeInvis .     - Unarmed
rCold    + . .     Gourm    +   (no shield)
rNeg     + . .     Faith    .   C - +4 plate armour
rPois    ∞         Spirit   .   h - +2 helmet
rElec    +         Reflect  .   j - scarf {rC+ rF+}
rCorr    .         Harm     .   (no gloves)
MR       ++++.                  e - +2 pair of boots
Stlth    ..........             a - amulet of the gourmand (curse)
HPRegen  1.27/turn              c - +3 ring of protection
MPRegen  0.14/turn              B - ring of protection from magic

@: flying, regenerating, hasted, very quick
A: big wings, negative energy resistance 1, electricity resistance, unbreathing,
petrification resistance, rot immunity, AC +11
a: Stop Flying, Berserk, Trog's Hand, Brothers in Arms, Renounce Religion


You were on level 2 of the Lair of Beasts.
You worshipped Trog.
Trog was extremely pleased with you.
You were very full.

You visited 3 branches of the dungeon, and saw 20 of its levels.

You collected 1894 gold pieces.
You spent 522 gold pieces at shops.

Inventory:

Armour
 e - a +2 pair of boots (worn)
 h - a +2 helmet (worn)
 j - a scarf of resistance (worn)
 C - a +4 plate armour (worn)
Jewellery
 a - a cursed amulet of the gourmand (around neck)
 c - a +3 ring of protection (left hand)
 d - a +4 ring of dexterity
 y - an uncursed ring of protection from fire
 B - a ring of protection from magic (right hand)
 H - an uncursed ring of ice
Wands
 l - a wand of scattershot (11)
 q - a wand of enslavement (16)
 A - a wand of iceblast (26)
 D - a wand of digging (18)
 E - a wand of random effects (39)
 I - a wand of paralysis (30)
Scrolls
 m - 10 scrolls of remove curse
 r - 10 scrolls of teleportation
 w - 4 scrolls of magic mapping
 x - a scroll of enchant weapon
 z - 2 scrolls of fear
 G - a scroll of fog
 K - 2 scrolls of blinking
Potions
 f - 3 potions of ambrosia {unknown}
 g - 3 potions of lignification {unknown}
 i - 9 potions of curing
 k - 3 potions of magic {unknown}
 n - 3 potions of mutation {unknown}
 o - 2 potions of flight {unknown}
 p - 3 potions of might {unknown}
 s - 3 potions of invisibility {unknown}
 t - 2 potions of heal wounds {unknown}
 u - 3 potions of haste
 v - a potion of berserk rage {unknown}
 J - 2 potions of agility
Comestibles
 b - 33 rations


   Skills:
 * Level 16.1 Fighting
 + Level 11.5 Armour
 + Level 9.0 Dodging
 * Level 15.1 Unarmed Combat


You had 14 spell levels left.
You didn't know any spells.
Your spell library contained the following spells:

 Spells                   Type           Power        Failure   Level  Hunger
 Poisonous Vapours        Pois/Air       #.....       100%        2    ###....
 Conjure Flame            Conj/Fire      #.......     100%        3    ####...
 Mephitic Cloud           Conj/Pois/Air  #.......     100%        3    ####...
 Animate Dead             Necr           N/A          100%        4    #####..
 Agony                    Necr           #.......     100%        5    ######.
 Bolt of Magma            Conj/Fire/Erth #.........   100%        5    ######.
 Dispel Undead            Necr           #.......     100%        5    ######.
 Iskenderun's Battlesphe  Conj/Chrm      #.......     100%        5    ######.
 Venom Bolt               Conj/Pois      #.........   100%        5    ######.
 Freezing Cloud           Conj/Ice/Air   #.........   100%        6    #######
 Iron Shot                Conj/Erth      #.........   100%        6    #######
 Simulacrum               Ice/Necr       #.........   100%        6    #######
 Orb of Destruction       Conj           #.........   100%        7    #######
 Ring of Flames           Chrm/Fire      #.........   100%        7    #######
 Spellforged Servitor     Conj/Summ      #.........   100%        7    #######


Dungeon Overview and Level Annotations

Branches:
Dungeon (12/15)            Temple (0/1) D:6            Lair (6/6) D:11
 Shoals (0/4) Lair:4        Snake (0/4) Lair:2        Slime (0/5) Lair:5
    Orc (2/2) D:10            Elf (0/3) Orc:2

Altars:
Dithmenos
Nemelex Xobeh
Ru
Sif Muna
Xom
Yredelemnul
Beogh
Jiyva

Shops:
D:4 *   D:6 =   D:10 :   Orc:2 ?(!=[

Annotations:
Lair:2 Xempux's ghost, journeyman DDFi


Innate Abilities, Weirdness & Mutations

You are resistant to torment.
Your stone body is resilient. (AC +11)
You are immune to poison.
Your large and strong wings let you fly indefinitely.
You resist negative energy. (rN+)
You are resistant to electric shocks. (rElec)
You can survive without breathing.
You are immune to petrification.
You are immune to rotting.


Message History

You feel yourself speed up.
You punch the large slime creature!
The large slime creature is lightly wounded.
Two slime creatures merge to form a very large slime creature.
Two slime creatures merge to form a titanic slime creature.
You pummel the titanic slime creature!!
The titanic slime creature is lightly wounded.
You pummel the titanic slime creature!!
The titanic slime creature is lightly wounded.
The titanic slime creature hits you!!!
Xempux's ghost says, "First you will suffer, then you will die."
You hit the titanic slime creature.
The titanic slime creature is lightly wounded.
You pummel the titanic slime creature!!
The titanic slime creature is moderately wounded.
You pummel the titanic slime creature!!
The titanic slime creature is moderately wounded.
The titanic slime creature hits you!!!!
Ouch! That really hurt!
You die...

#..................###..........
#.................## ###........
###..............## #..#......
#..............# ###.........
###............# #.....##....
##..........## #.....##....
########.........# ##.....###...
...#.# ##.P..##### #......# #...
....## ###.#.##@# #......# ##..
.....# ##...#J## ##....## #...
.....## ##....JW>#####P...# ##..
#.....###.........#.####### ##.
#..................## ##
#P.......#.........# #.
##......#####'''##.# ### ##
........# ##.....#######.## ##.
.##.....# #.......###P....## #..


You could see a titanic slime creature, a jelly and Xempux's ghost.

Vanquished Creatures
  Gastronok (Orc:1)
  Josephine (Orc:1)
  A rakshasa (D:11)
  4 hydras
  Fannar (Orc:1)
  4 catoblepae (Lair:6)
  5 death yaks (Lair:6)
  Urug (Orc:1)
  3 two-headed ogres
  Sonja (Lair:3)
  An unseen horror (D:10)
  2 lindwurms
  An ugly thing (D:11)
  A deep elf mage (D:12)
  4 orc knights (Orc:2)
  3 manticores
  6 elephants (Lair:6)
  2 merfolk sirens (Lair:4)
  2 black mambas
  A gargoyle (D:10)
  8 spiny frogs
  7 rime drakes
  An efreet (D:12)
  2 komodo dragons
  2 merfolk (Lair:4)
  2 trolls
  17 blink frogs
  A slime creature (D:9)
  Grinder (D:4)
  5 dream sheep (Lair:5)
  17 hippogriffs
  Sigmund (D:3)
  8 wyverns
  42 yaks
  A steam dragon (D:7)
  Grum (D:10)
  4 wraiths
  11 basilisks
  5 wargs
  Edmund (D:4)
  11 porcupines
  8 water moccasins
  4 sky beasts
  2 black bears
  34 orc warriors
  4 ice beasts
  2 phantoms
  2 necrophages
  5 ogres
  4 wolves (D:10)
  11 crocodiles
  11 centaurs
  Blork the orc (D:6)
  A big kobold (D:8)
  11 bullfrogs
  A scorpion (D:4)
  A wyvern skeleton (D:11)
  19 killer bees (D:10)
  9 wights
  An electric eel (Lair:5)
  2 howler monkeys (D:8)
  A centaur zombie (D:10)
  4 crimson imps
  3 jellies (D:9)
  A quasit (D:10)
  3 bullfrog zombies
  6 hounds
  20 orc priests
  A bullfrog skeleton (D:11)
  A centaur skeleton (D:10)
  Natasha (twice) (D:4)
  6 hell rats (Lair:6)
  5 iguanas
  16 orc wizards
  4 worker ants
  A hound skeleton (D:4)
  Robin (D:2)
  17 gnolls
  14 adders
  2 shadow imps
  6 oozes
  An adder zombie (D:6)
  An adder skeleton (D:9)
  5 worms
  3 dart slugs
  5 leopard geckos
  72 orcs
  9 bats
  7 giant cockroaches
  15 goblins
  7 hobgoblins
  7 jackals
  3 quokkas
  4 ball pythons
  7 frilled lizards
  15 kobolds
  A leopard gecko skeleton (D:6)
  8 rats
610 creatures vanquished.

Vanquished Creatures (collateral kills)
  6 orc warriors (Orc:1)
  2 ogres (Orc:1)
  An orc priest (Orc:1)
  An orc wizard (Orc:1)
  12 orcs (Orc:1)
22 creatures vanquished.

Vanquished Creatures (others)
  A crocodile (Lair:6)
  5 fungi (Lair:6)
  13 plants (Lair:6)
19 creatures vanquished.

Grand Total: 651 creatures vanquished

Notes
Turn   | Place    | Note
-------+----------+-------------------------------------------
     0 | D:1      | HoaS the Gargoyle Berserker began the quest for the Orb.
     0 | D:1      | Reached XP level 1. HP: 14/14 MP: 1/1
   102 | D:1      | Reached XP level 2. HP: 12/19 MP: 2/2
   598 | D:1      | Reached ** piety under Trog
   598 | D:1      | Reached skill level 4 in Fighting
   598 | D:1      | Reached XP level 3. HP: 19/24 MP: 3/3
  1311 | D:2      | Reached XP level 4. HP: 28/30 MP: 4/4
  1495 | D:2      | Noticed Robin
  1528 | D:2      | Killed Robin
  1963 | D:3      | Reached XP level 5. HP: 27/34 MP: 5/5
  2029 | D:3      | Reached skill level 5 in Fighting
  2066 | D:3      | Reached *** piety under Trog
  2361 | D:3      | Reached skill level 5 in Unarmed Combat
  2393 | D:3      | Noticed Sigmund
  2437 | D:3      | Killed Sigmund
  2437 | D:3      | Reached XP level 6. HP: 22/40 MP: 6/6
  2768 | D:3      | Noticed an ice beast
  2779 | D:3      | Killed an ice beast
  2937 | D:3      | Reached XP level 7. HP: 43/45 MP: 7/7
  3065 | D:3      | You fall through a shaft for 3 floors!
  3079 | D:5      | Entered Level 5 of the Dungeon
  3418 | D:4      | Found Etinee's Assorted Antiques.
  3438 | D:4      | Noticed Edmund
  3457 | D:4      | Killed Edmund
  3457 | D:4      | Reached skill level 6 in Fighting
  3540 | D:4      | Noticed Grinder
  3542 | D:4      | Noticed Natasha
  3567 | D:4      | Killed Grinder
  3567 | D:4      | Reached XP level 8. HP: 47/52 MP: 8/8
  3571 | D:4      | Killed Natasha
  3642 | D:4      | Noticed Natasha
  3654 | D:4      | Killed Natasha
  3667 | D:4      | Reached **** piety under Trog
  3942 | D:4      | Reached skill level 7 in Fighting
  4885 | D:6      | Identified the Compendium of the Several Mice
  4945 | D:6      | Reached skill level 8 in Fighting
  4945 | D:6      | Reached XP level 9. HP: 19/59 MP: 9/9
  5248 | D:6      | Noticed Blork the orc
  5258 | D:6      | Killed Blork the orc
  5277 | D:6      | Reached skill level 5 in Armour
  5370 | D:6      | Found a shadowy altar of Dithmenos.
  5370 | D:6      | Found a deep blue altar of Sif Muna.
  5511 | D:6      | Found Hoeqoffe's Jewellery Emporium.
  5518 | D:6      | Found a staircase to the Ecumenical Temple.
  5519 | D:6      | Bought an uncursed ring of protection from magic for 275
                  | gold pieces
  5658 | D:6      | Found a shimmering altar of Xom.
  5923 | D:6      | Found a shimmering altar of Xom.
  6098 | D:7      | Found a basalt altar of Yredelemnul.
  6167 | D:7      | Reached skill level 9 in Fighting
  6304 | D:7      | Noticed a two-headed ogre
  6320 | D:7      | Killed a two-headed ogre
  6320 | D:7      | Reached XP level 10. HP: 20/66 MP: 10/10
  6900 | D:8      | Reached ***** piety under Trog
  6980 | D:8      | Found a sparkling altar of Nemelex Xobeh.
  7106 | D:8      | Found a sacrificial altar of Ru.
  7201 | D:8      | Reached skill level 10 in Fighting
  7699 | D:9      | Received a gift from Trog
  7778 | D:9      | Reached skill level 5 in Dodging
  7874 | D:9      | Reached skill level 10 in Unarmed Combat
  8331 | D:10     | Entered Level 10 of the Dungeon
  8480 | D:10     | Reached XP level 11. HP: 72/73 MP: 11/11
  8486 | D:10     | Reached skill level 11 in Fighting
  8515 | D:10     | Noticed Grum
  8530 | D:10     | Killed Grum
  8847 | D:10     | Found a staircase to the Orcish Mines.
  9223 | D:10     | Found Isetiuc's Book Shop.
  9223 | D:10     | Noticed a two-headed ogre
  9236 | D:10     | Killed a two-headed ogre
  9362 | D:10     | Killed an unseen horror
 10013 | D:11     | Noticed a rakshasa
 10035 | D:11     | Killed a rakshasa
 10035 | D:11     | Reached skill level 12 in Fighting
 10276 | D:11     | Noticed a purple ugly thing
 10297 | D:11     | Killed a purple ugly thing
 10582 | D:11     | Found a staircase to the Lair.
 11065 | D:12     | Noticed a deep elf mage
 11078 | D:12     | Killed a deep elf mage
 11094 | D:12     | Reached XP level 12. HP: 70/81 MP: 12/12
 11160 | D:12     | Received a gift from Trog
 11585 | Lair:1   | Entered Level 1 of the Lair of Beasts
 11797 | Lair:1   | Found a labyrinth entrance.
 12741 | Lair:1   | Reached skill level 13 in Fighting
 12901 | Lair:1   | Got a polished ring mail
 12912 | Lair:1   | Identified the +5 ring mail of Xomeh Gudgh {rElec} (You
                  | found it on level 1 of the Lair of Beasts)
 13258 | Lair:2   | Found a runed gate.
 13258 | Lair:2   | Found a runed gate.
 13258 | Lair:2   | Found a runed gate.
 13263 | Lair:2   | Noticed Xempux's ghost (journeyman DDFi)
 13264 | Lair:2   | Found a viscous altar of Jiyva.
 13317 | Lair:2   | Noticed a four-headed hydra
 13334 | Lair:2   | Killed a four-headed hydra
 13379 | Lair:2   | Found a staircase to the Snake Pit.
 14207 | Lair:3   | Noticed Sonja
 14245 | Lair:3   | Killed Sonja
 14506 | Lair:3   | Noticed a six-headed hydra
 14524 | Lair:3   | Killed a six-headed hydra
 14524 | Lair:3   | Reached XP level 13. HP: 80/88 MP: 13/13
 15338 | Lair:4   | Reached skill level 14 in Fighting
 15629 | Lair:4   | Reached skill level 10 in Armour
 15805 | Lair:4   | Received a gift from Trog
 15927 | Lair:4   | Found a staircase to the Shoals.
 17078 | Lair:5   | Found a staircase to the Slime Pits.
 17424 | Lair:6   | Entered Level 6 of the Lair of Beasts
 17860 | Lair:6   | Gained mutation: Your large and strong wings let you fly
                  | indefinitely. [Gargoyle growth]
 17860 | Lair:6   | Reached XP level 14. HP: 71/96 MP: 14/14
 17993 | Lair:6   | Reached skill level 15 in Fighting
 18452 | Lair:6   | Reached ****** piety under Trog
 18452 | Lair:6   | Received a gift from Trog
 20082 | Orc:1    | Entered Level 1 of the Orcish Mines
 20082 | Orc:1    | Noticed Urug
 20082 | Orc:1    | Noticed Gastronok
 20107 | Orc:1    | Killed Gastronok
 20124 | Orc:1    | Killed Urug
 20503 | Orc:1    | Noticed Josephine
 20511 | Orc:1    | Killed Josephine
 20698 | Orc:1    | Noticed Fannar
 20742 | Orc:1    | Killed Fannar
 20911 | Orc:2    | Entered Level 2 of the Orcish Mines
 20984 | Orc:2    | Received a gift from Trog
 20990 | Orc:2    | Found Foofot's Antique Armour Shop.
 21440 | Orc:2    | Reached skill level 16 in Fighting
 21469 | Orc:2    | Reached skill level 15 in Unarmed Combat
 21478 | Orc:2    | Found Coybruv's Jewellery Shop.
 21478 | Orc:2    | Found Ciqisutu's Distillery.
 21537 | Orc:2    | Bought a potion of curing for 39 gold pieces
 21537 | Orc:2    | Bought a potion of curing for 39 gold pieces
 21537 | Orc:2    | Bought a potion of haste for 130 gold pieces
 21767 | Orc:2    | Reached XP level 15. HP: 53/104 MP: 15/15
 21959 | Orc:2    | Found a roughly hewn altar of Beogh.
 22013 | Orc:2    | Found a staircase to the Elven Halls.
 22052 | Orc:2    | Found Buohoaza's Magic Scroll Emporium.
 22052 | Orc:2    | Found Wiaxoss's Weapon Shop.
 22057 | Orc:2    | Bought a scroll of teleportation for 39 gold pieces
 22340 | Lair:2   | Demolished by a titanic slime creature

Skill      XL: |  1  2  3  4  5  6  7  8  9 10 11 12 13 14 |
---------------+-------------------------------------------+-----
Fighting       | 4 5 6 8 9 10 12 13 14 16 | 16.1
Unarmed Combat | 4 5 6 7 9 10 11 12 14 15 | 15.1
Dodging        | 2 3 4 5 6 7 8 9 |  9.0
Armour         | 3 4 6 7 8 9 10 11 | 11.5

Action                   |  1- 3 |  4- 6 |  7- 9 | 10-12 | 13-15 || total
-------------------------+-------+-------+-------+-------+-------++-------
Melee: Unarmed           |   109 |   207 |   426 |   957 |  1164 ||  2863
       Punch             |     2 |     4 |    19 |    55 |    76 ||   156
Throw: Stone             |     1 |       |       |       |       ||     1
Invok: Berserk           |       |     2 |     2 |     2 |     1 ||     7
       Trog's Hand       |       |       |     5 |     4 |     4 ||    13
       Brothers in Arms  |       |       |       |       |     1 ||     1
 Abil: Fly               |       |       |       |       |     1 ||     1
Evoke: Wand              |       |       |       |    10 |     1 ||    11
  Use: Scroll            |     3 |     6 |     6 |    10 |     4 ||    29
       Potion            |       |       |       |       |     1 ||     1
 Stab: Sleeping          |       |       |     1 |       |       ||     1
       Paralysed         |       |       |       |     1 |       ||     1
       Distracted        |       |       |       |       |     1 ||     1
  Eat: Chunk             |     1 |     8 |    14 |    49 |    28 ||   100
Armor: Animal skin       |    20 |       |       |       |       ||    20
       Leather armour    |    40 |    64 |       |       |       ||   104
       Ring mail         |     1 |    30 |       |       |       ||    31
       Scale mail        |       |       |   209 |   486 |       ||   695
       Plate armour      |       |       |       |    90 |   792 ||   882
Dodge: Dodged            |    78 |   104 |   252 |   646 |   502 ||  1582
